 Dungeon Crawl Stone Soup version 0.12.2-24-gbfbc01a (webtiles) character file.

140 Gabry the Shield-Bearer (level 3, -1/30 HPs)
             Began as a Human Fighter on Sept 6, 2013.
             Killed from afar by Sigmund (3 damage)
             ... with a puff of flame
             ... on Level 2 of the Dungeon.
             The game lasted 00:05:28 (1295 turns).

Gabry the Shield-Bearer (Human Fighter)             Turns: 1295, Time: 00:05:28

HP  -1/30        AC  8     Str 17      XL: 3   Next: 62%
MP   2/2         EV  4     Int  8      God:
Gold 103         SH 18     Dex 12      Spells:  0 memorised,  2 levels left

Res.Fire  : + . .   See Invis. : .   a - +0 mace
Res.Cold  : + . .   Warding    : .   h - +0 chain mail
Life Prot.: . . .   Conserve   : .   c - +0 shield
Res.Poison: +       Res.Corr.  : .   (no helmet)
Res.Elec. : +       Clarity    : .   (no cloak)
Sust.Abil.: . .     Spirit.Shd : .   (no gloves)
Res.Mut.  : +       Stasis     : .   (no boots)
Res.Rott. : .       Ctrl.Telep.: .   i - amulet of resist mutation {unknown}
Saprovore : . . .   Flight     : .   (no ring)
                                     (no ring)

@: not resistant to hostile enchantments, extremely unstealthy
A: blurry vision 1
a: no special abilities


You were on level 2 of the Dungeon.
You were not hungry.

You visited 1 branch of the dungeon, and saw 2 of its levels.

You collected 83 gold pieces.

Inventory:

Hand weapons
 a - a +0,+0 mace (weapon)
 b - a +0,+0 dagger (quivered)
 n - a +2,+0 elven dagger
Armour
 c - a +0 shield (worn)
 h - a +0 chain mail (worn)
Comestibles
 d - a bread ration
 f - a meat ration
Scrolls
 j - a scroll of teleportation {unknown}
 k - a scroll of identify {unknown}
 m - a scroll of recharging {unknown}
 o - a scroll of enchant weapon I {unknown}
 t - a scroll of remove curse {unknown}
Jewellery
 e - an uncursed amulet of resist corrosion {unknown}
 i - an amulet of resist mutation (around neck) {unknown}
Potions
 g - a potion of mutation
 l - a potion of resistance
 q - a potion of agility {unknown}
 r - a potion of paralysis {unknown}
 s - a potion of curing {unknown}


   Skills:
 + Level 3.3 Fighting
 + Level 2.2 Maces & Flails
 + Level 3.3 Armour
 + Level 0.8 Dodging
 + Level 3.4 Shields


You had 2 spell levels left.
You didn't know any spells.

Dungeon Overview and Level Annotations

Branches:
Dungeon (2/27)

Altars:

Annotations
D:2 Sigmund


Innate Abilities, Weirdness & Mutations

Your vision is a little blurry.


Message History

* * * LOW HITPOINT WARNING * * *
You hit the kobold.
You kill the kobold!
It hits you but does no damage.
You miss it.
You hear some strange, mumbled words.
The magic dart hits you!
* * * LOW HITPOINT WARNING * * *
Drink which item? (? for menu, Esc to quit)
You feel extremely strange.
Your vision blurs.
It was a potion of mutation.
It hits you but does no damage.
Drink which item? (? for menu, Esc to quit)
You feel protected.
It was a potion of resistance.
It hits you.
* * * LOW HITPOINT WARNING * * *
You see here a dart.
There is an open door here.
The puff of flame hits you! You resist.
You die...

#.#..# ...# ...###...(#...!.#
........".......#
#####################.####...#
........#...........#.#
#######.#.#########.#(####
..#.....#.....#.....#....#
#.#.#########.#.######.#.#
..#...........#.@...'..# ..
######################## .#
..# # .(# ..# ### ... #.#
...... #.#


There were no monsters in sight!

Vanquished Creatures
  An adder (D:2)
  7 bats
  3 goblins (D:1)
  4 hobgoblins (D:1)
  3 kobolds (D:2)
  A quokka (D:2)
  A ball python (D:1)
  A giant gecko (D:2)
  3 giant newts (D:1)
  6 rats (D:1)
30 creatures vanquished.

Vanquished Creatures (others)
  A goblin (D:2)
  A kobold (D:1)
2 creatures vanquished.

Grand Total: 32 creatures vanquished

Notes
Turn   | Place    | Note
--------------------------------------------------------------
     0 | D:1      | Gabry, the Human Fighter, began the quest for the Orb.
     0 | D:1      | Reached XP level 1. HP: 18/18 MP: 0/0
    84 | D:1      | Reached XP level 2. HP: 12/24 MP: 1/1
   631 | D:1      | Reached XP level 3. HP: 28/30 MP: 2/2
  1265 | D:2      | Noticed Sigmund
  1283 | D:2      | Gained mutation: Your vision is a little blurry. [potion of mutation]
  1284 | D:2      | HP: 1/30 [something (2)]
  1295 | D:2      | Killed from afar by Sigmund

Action                   || total
-------------------------++-------
Melee: Mace              ||   135
  Use: Potion            ||     2
